 Dungeon Crawl Stone Soup version bcrawl-1.13.5 (webtiles) character file.

Game seed: 9273367846631636833

306 Felnil the Skirmisher (level 6, -3/58 HPs)
             Began as a Hill Orc Fighter on Aug 20, 2019.
             Slain by a gnoll
             ... wielding a +0 whip
              (4 damage)
             ... on level 4 of the Dungeon.
             The game lasted 00:09:01 (3165 turns).

Felnil the Skirmisher (Hill Orc Fighter)            Turns: 3165, Time: 00:09:01

Health: -3/58      AC:  6    Str: 21    XL:     6   Next: 39%
Magic:  6/6        EV:  7    Int:  8    God:
Gold:   57         SH:  9    Dex: 10    Spells: 5/5 levels left

rFire    . . .     SeeInvis .   e - +2 spear (pierce)
rCold    . . .     Gourm    .   c - +0 shield
rNeg     . . .     Faith    .   b - +0 scale mail
rPois    .         Spirit   .   (no helmet)
rElec    .         Reflect  .   (no cloak)
rCorr    .         Harm     .   (no gloves)
MR       .....                  (no boots)
Stlth    ++........             (no amulet)
HPRegen  0.19/turn              i - ring of stealth
MPRegen  0.10/turn              (no ring)

@: lethally poisoned (-3 -> -4)
A: no striking features
a: no special abilities


You were on level 4 of the Dungeon.
You were hungry.

You visited 1 branch of the dungeon, and saw 4 of its levels.

You collected 297 gold pieces.
You spent 240 gold pieces at shops.

Inventory:

Hand Weapons
 a - a +0 war axe
 e - a +2 spear of piercing (weapon)
 q - the +0 mace of Fragile Peace {pain, MR+}
   (You bought it in a shop on level 4 of the Dungeon)

   In the hands of one skilled in necromantic magic, it inflicts extra damage on
   living creatures.
   It affects your resistance to hostile enchantments.
Armour
 b - a +0 scale mail (worn)
 c - a +0 shield (worn)
 k - a +2 buckler
Jewellery
 i - a ring of stealth (left hand)
Wands
 o - a wand of disintegration (10)
Scrolls
 g - a scroll of remove curse
 h - a scroll of fear {unknown}
 l - 2 scrolls of enchant armour {unknown}
Potions
 d - 3 potions of might
 j - a potion of haste
 n - a potion of degeneration {unknown}
 p - a potion of curing
Comestibles
 f - 5 rations {!d}


   Skills:
 + Level 6.7 Fighting
   Level 6.7 Short Blades
   Level 6.7 Long Blades
   Level 6.7 Axes
   Level 6.7 Maces & Flails
   Level 6.7 Polearms
   Level 6.7 Staves
 - Level 3.2 Armour
 - Level 3.2 Shields
   Level 6.7 Unarmed Combat


You had 5 spell levels left.
You didn't know any spells.
Your spell library was empty.

Dungeon Overview and Level Annotations

Branches:
Dungeon (4/12)
 Temple: D:4-7

Altars:
Cheibriados
Dithmenos
Gozag
Qazlal
Vehumet

Shops:
D:4 (

Annotations:
D:4 Ijyb


Message History

You miss the quokka.
The quokka is almost dead.
The quokka bites you.
* * * LOW HITPOINT WARNING * * *
You closely miss the quokka.
The quokka is almost dead.
You feel sick. The quokka closely misses you.
Ijyb screams, "Me stronger than you!"
You hit the quokka.
You kill the quokka!
You hit the gnoll.
The gnoll is moderately wounded.
You hit the gnoll.
The gnoll is heavily wounded.
The gnoll hits you with a +0 whip!
* * * LOW HITPOINT WARNING * * *
You hit the gnoll.
The gnoll is almost dead.
The gnoll hits you with a +0 whip.
You die...

..............
#..
#...........#
#..
#...........#
#..
#...........#
#.. #..........#
#..##....g.....#
#..#g.###......#
#..#g## ####...#
#..@## ##..#
#....# .#
####.## . #..##
##..# #..##
##..## #...#
##..##


You could see Ijyb and a gnoll.

Vanquished Creatures
  A gnoll shaman (D:4)
  An orc priest (D:2)
  An iguana (D:3)
  2 worker ants
  3 gnolls (D:4)
  5 adders (D:3)
  An adder skeleton (D:3)
  3 worms
  A dart slug (D:2)
  5 leopard geckos
  2 orcs (D:2)
  6 giant cockroaches
  7 goblins
  7 hobgoblins
  17 jackals
  4 kobolds
  2 quokkas
  A ball python (D:3)
  5 bats
  3 frilled lizards
  3 rats
80 creatures vanquished.

Notes
Turn   | Place    | Note
-------+----------+-------------------------------------------
     0 | D:1      | Felnil the Hill Orc Fighter began the quest for the Orb.
     0 | D:1      | Reached XP level 1. HP: 20/20 MP: 1/1
    58 | D:1      | Reached XP level 2. HP: 11/28 MP: 2/2
   617 | D:1      | Reached XP level 3. HP: 34/34 MP: 3/3
   804 | D:1      | Reached skill level 5 in Fighting
  1350 | D:2      | Reached XP level 4. HP: 12/42 MP: 4/4
  1364 | D:2      | HP: 3/63 [poisoned by a worker ant]
  1370 | D:2      | HP: 3/63 [poisoned by a worker ant]
  1378 | D:2      | HP: 2/63 [poisoned by a worker ant]
  1731 | D:2      | Found a snail-covered altar of Cheibriados.
  1942 | D:2      | Reached XP level 5. HP: 50/50 MP: 5/5
  2403 | D:3      | Reached skill level 6 in Fighting
  2437 | D:3      | Found a radiant altar of Vehumet.
  2450 | D:3      | Found a stormy altar of Qazlal.
  2453 | D:3      | Found an opulent altar of Gozag.
  2456 | D:3      | Found a shadowy altar of Dithmenos.
  2707 | D:3      | Reached XP level 6. HP: 58/58 MP: 6/6
  3015 | D:4      | Found Ureutaogg's Antique Weapon Shoppe.
  3021 | D:4      | Bought a scorched mace for 240 gold pieces
  3021 | D:4      | Identified the cursed +0 mace of Fragile Peace {pain, MR+}
                  | (You bought it in a shop on level 4 of the Dungeon)
  3107 | D:4      | Noticed Ijyb
  3164 | D:4      | HP: 1/58 [gnoll/+0 whip (7)]
  3165 | D:4      | Slain by a gnoll

Skill      XL: |  1  2  3  4  5 |
---------------+----------------+-----
Fighting       | 5 6 |  6.7
Short Blades   | |  6.7
Long Blades    | |  6.7
Axes           | |  6.7
Maces & Flails | |  6.7
Polearms       | |  6.7
Staves         | |  6.7
Armour         | |  3.2
Shields        | |  3.2
Unarmed Combat | |  6.7

Action                   |  1- 3 |  4- 6 || total
-------------------------+-------+-------++-------
Melee: War axe           |   152 |    44 ||   196
       Spear             |       |   116 ||   116
  Use: Potion            |     2 |       ||     2
       Scroll            |       |     4 ||     4
 Stab: Sleeping          |       |     3 ||     3
  Eat: Chunk             |     2 |     5 ||     7
Armor: Scale mail        |    58 |    36 ||    94
       Skin              |     1 |       ||     1
Dodge: Dodged            |    45 |    36 ||    81
Block: Shield            |    83 |    46 ||   129
